AoeStats
← 2609108162

Arabian Desert

510091904Analyzed
1v1 RM · 3d ago on Sep 29, 2026· 42m 36s· 2 players
Game mode
Random Map
Map size
Tiny (2 player)
Population
200
Speed
Normal
Resources
Standard
Victory
Conquest
Starting age
Dark Age
Ending age
Imperial Age
RankedLock teamsTeams togetherTeam positionsShared explorationLock speedFull tech treeHidden civsTurbo modeCheats
Victory
Defeat
🇨🇳 Malay · China
1031
+14
🇮🇹 Bulgarians · Italy
988
-14
MarCelo
1:49 Loom
10:04 Feudal Age
12:05 Arson
13:41 Double-Bit Axe
18:45 Loom
21:46 Castle Age
23:50 Bow Saw
23:23 Horse Collar
24:52 Wheelbarrow
24:03 Town Watch
26:15 Forging
31:18 Stone Mining
32:26 Gold Mining
36:00 Imperial Age
34:20 Heavy Plow
35:04 Hand Cart
34:50 Town Patrol
36:37 Pikeman
38:46 Iron Casting
38:18 Scale Barding Armor
38:13 Scale Mail Armor
38:12 Halberdier
2609108162
6:59 Loom
11:16 Feudal Age
16:17 Horse Collar
17:16 Double-Bit Axe
19:32 Town Watch
21:50 Castle Age
19:54 Gold Mining
21:53 Wheelbarrow
21:43 Husbandry
21:57 Bow Saw
24:00 Heavy Plow
24:54 Scale Barding Armor
24:53 Town Watch
25:44 Stone Mining
31:34 Imperial Age
29:58 Stone Shaft Mining
30:39 Hand Cart
31:04 Gold Shaft Mining
29:53 Pikeman
30:34 Squires
34:19 Chemistry
33:51 Fletching
34:12 Forging
35:19 Conscription
34:25 Halberdier
34:51 Arson
35:05 Bodkin Arrow
38:00 Iron Casting
37:42 Forced Levy
37:35 Man-at-Arms
39:08 Long Swordsman
40:19 Siege Engineers
41:18 Blast Furnace
39:44 Two-Handed Swordsman
42:18 Crop Rotation
42:01 Treadmill Crane
42:32 Masonry
42:27 Bracer
Connection lost

Rejoining the realm…

Still unreachable

The connection could not be restored.

Session expired

The server has moved on; the page needs a fresh start.